Map: Dusk Towers

Players

FireCake - Winner!

  • Race: Zerg Zerg
  • League: Grandmaster

TOP

  • Race: Terran Terran

Event: Homestory Cup XII

VOD

Have the link to the VOD?

Description

Time

  • Played on: Dec. 17, 2015, 2:46 p.m.
  • Length: 15:17

All games in this series

Show
View Real Time Build Order
Export as new Build Order

FireCake Zerg - Winner!

Build Orders: Pool First 

Get SALT Encoding   

  12  0:00  Drone  
  13  0:08  Drone  
  14  0:16  Overlord  
  14  0:23  Drone, Extractor  
  15  0:35  Drone x2  
  17  0:44  Spawning Pool  
  17  0:47  Drone  
  17  0:51  Extractor  
  17  0:55  Drone  
  17  1:14  Hatchery  
  17  1:17  Drone  
  17  1:30  Queen  
  17  1:32  Zergling x2  
  20  1:36  Drone  
  21  1:40  Drone  
  22  1:48  Overlord  
  22  1:58  Roach Warren  
  22  2:01  Drone  
  22  2:37  Roach x4  
  30  2:48  Drone  
  30  2:49  Drone x4  
  35  2:59  Overlord  
  35  3:01  Drone  
  35  3:14  Hatchery  
  35  3:20  Ravager x3  
  35  3:22  Drone x2  
  39  3:27  Drone  
  39  3:28  Drone  
  39  3:32  Overlord  
  41  3:36  Drone  
  42  3:42  Ravager  
  42  3:44  Overlord  
  43  3:49  Queen  
  45  4:02  Drone x6  
  51  4:04  Overlord  
  51  4:23  Drone  
  51  4:24  Drone x4  
  56  4:27  Queen  
  56  4:31  Drone x3  
  60  4:33  Lair  
  60  4:37  Overlord  
  61  4:40  Extractor  
  61  4:41  Extractor  
  61  4:43  Overlord  
  59  4:47  Drone  
  59  4:48  Spore Crawler  
  59  4:52  Queen  
  59  4:56  Overlord  
  59  4:57  Drone x2  
  63  5:00  Evolution Chamber  
  63  5:02  Evolution Chamber  
  63  5:06  Roach x3  
  67  5:08  Drone  
  67  5:09  Drone  
  67  5:11  Drone  
  67  5:12  Drone  
  71  5:15  Overlord  
  71  5:18  Drone  
  71  5:19  Drone  
  73  5:21  Drone x2  
  73  5:26  Zerg Missile Weapons Level 1  
  73  5:27  Extractor  
  74  5:34  Glial Reconstitution  
  74  5:36  Drone x2  
  74  5:37  Drone x2  
  74  5:38  Drone  
  74  5:40  Drone  
  74  5:41  Drone x3  
  83  5:45  Overlord  
  83  5:47  Overlord  
  83  5:53  Spore Crawler, Zerg Ground Armor Level 1  
  82  6:01  Drone x6  
  88  6:11  Drone x6  
  89  6:14  Extractor x2  
  92  6:21  Overlord  
  92  6:22  Drone x4  
  96  6:27  Roach  
  98  6:35  Overlord x2  
  98  6:41  Roach x5  
  98  6:46  Overlord x2  
  108  6:48  Overseer  
  108  6:49  Overlord x2  
  108  6:50  Overlord  
  108  6:57  Roach x3  
  108  7:00  Overlord  
  108  7:01  Overlord  
  114  7:03  Pneumatized Carapace  
  114  7:09  Roach x5  
  122  7:21  Roach x7  
  136  7:26  Roach  
  138  7:32  Overlord  
  138  7:33  Spore Crawler, Roach  
  139  7:43  Roach  
  139  7:44  Roach x7  
  155  7:50  Overlord x2  
  155  7:53  Roach x4  
  155  7:56  Ravager x8  
  155  7:57  Ravager x2  
  173  8:03  Overlord  
  173  8:04  Roach x2  
  177  8:09  Roach  
  177  8:17  Queen  
  176  8:22  Roach x10  
  176  8:24  Overlord  
  196  8:37  Roach  
  196  8:38  Roach  
  196  8:39  Overlord  
  158  8:57  Roach x10  
  158  9:01  Roach  
  158  9:02  Roach x2  
  164  9:09  Roach x5  
  157  9:18  Roach  
  148  9:34  Roach  
  148  9:35  Roach x10  
  167  9:44  Drone x5  
  166  9:54  Drone x2  
  167  10:04  Overlord  
  167  10:06  Roach x3  
  173  10:14  Hatchery  
  173  10:19  Zerg Ground Armor Level 2  
  172  10:21  Zerg Missile Weapons Level 2  
  172  10:26  Roach x5  
  182  10:30  Hatchery  
  182  10:35  Roach x3  
  188  10:50  Roach x4  
  188  10:58  Ravager x5  
  160  11:23  Roach x9  
  157  11:26  Roach  
  157  11:27  Roach x3  
  157  11:32  Roach x2  
  159  11:51  Roach  
  159  11:52  Roach x7  
  175  11:54  Ravager  
  175  11:55  Ravager x4  
  175  11:58  Queen  
  175  12:00  Spine Crawler  
  173  12:14  Roach x4  
  173  12:15  Roach x8  
  157  12:23  Roach x2  
  141  12:43  Drone  
  141  12:44  Drone x8  
  150  12:55  Drone x4  
  154  13:07  Roach Warren  
  153  13:17  Drone x2  
  147  13:24  Drone x6  
  148  13:28  Ravager x11  
  148  13:29  Ravager  
  160  13:38  Roach x4  
  168  13:53  Roach x7  
  177  13:57  Drone x2  
  177  14:22  Overlord  
  177  14:23  Roach  
  177  14:24  Roach x8  
  189  14:31  Spine Crawler  
  188  14:32  Spine Crawler  
  188  14:33  Spine Crawler  
  188  14:37  Overseer  
  186  14:40  Overlord x2  
  186  14:47  Drone x3  
  189  14:54  Ravager  
  189  14:55  Ravager x2  
Show
View Real Time Build Order
Export as new Build Order

TOP Terran 

Build Orders: Reaper Expand, Bio Tank 

Get SALT Encoding   

  12  0:01  SCV  
  13  0:13  SCV  
  14  0:17  Supply Depot  
  14  0:25  SCV  
  15  0:39  SCV  
  15  0:41  Barracks  
  16  0:44  Refinery  
  16  0:51  SCV  
  17  1:03  SCV  
  18  1:15  SCV  
  19  1:27  Reaper  
  19  1:28  Orbital Command  
  20  1:41  Command Center  
  20  1:51  Supply Depot  
  20  1:53  Refinery  
  20  1:55  SCV  
  21  2:05  Barracks Reactor  
  21  2:07  SCV  
  22  2:19  SCV  
  22  2:20  Factory  
  23  2:31  SCV  
  24  2:42  Marine x2  
  26  2:46  SCV  
  27  2:56  Orbital Command  
  27  2:58  SCV  
  28  3:05  Marine x2  
  28  3:08  Factory Tech Lab  
  28  3:12  SCV, Starport  
  31  3:17  Bunker  
  30  3:23  Marine x2  
  30  3:24  SCV x2  
  34  3:27  Siege Tank  
  37  3:36  SCV x2  
  37  3:41  Marine x2  
  41  3:48  SCV x2  
  41  3:49  Medivac  
  45  4:00  SCV  
  45  4:02  SCV  
  46  4:06  Supply Depot  
  46  4:07  Supply Depot  
  45  4:15  Supply Depot x2  
  45  4:19  Liberator  
  45  4:28  Marine  
  45  4:30  Supply Depot  
  46  4:32  Supply Depot  
  46  4:36  Supply Depot, Siege Tank, SCV x2  
  54  4:47  Barracks Tech Lab  
  54  4:48  SCV  
  54  4:52  SCV  
  56  5:01  SCV, Supply Depot  
  57  5:08  Siege Tank  
  57  5:09  Marine  
  57  5:11  Command Center, Stimpack  
  61  5:14  SCV x2  
  63  5:25  Refinery x2  
  63  5:26  SCV  
  63  5:27  Marine  
  65  5:33  SCV  
  66  5:41  Starport Reactor  
  66  5:43  Siege Tank  
  66  5:44  SCV  
  66  5:45  SCV, Marine  
  72  5:55  Barracks  
  72  5:56  Barracks  
  72  5:57  SCV x2  
  72  5:58  Barracks x2  
  72  6:03  Marine  
  75  6:09  SCV x2  
  75  6:10  Supply Depot  
  77  6:14  Engineering Bay  
  77  6:15  Engineering Bay  
  77  6:21  Marine  
  77  6:25  SCV x2  
  80  6:26  Siege Tank, Orbital Command  
  83  6:34  Starport Reactor  
  83  6:37  SCV x2  
  85  6:41  Marine  
  85  6:44  Barracks Reactor x2  
  85  6:47  Barracks Reactor  
  86  6:49  Supply Depot  
  86  6:51  Supply Depot  
  86  6:53  Orbital Command  
  86  6:55  Terran Infantry Weapons Level 1, Terran Infantry Armor Level 1  
  86  6:58  Siege Tank, Marine  
  86  7:00  Marine  
  91  7:09  Marine  
  91  7:14  Supply Depot  
  91  7:15  Missile Turret, Medivac x2  
  96  7:17  Marauder  
  96  7:18  Marine  
  96  7:21  Marine x2  
  101  7:23  Marine x2  
  101  7:26  Marine x2  
  101  7:27  Marine  
  106  7:32  SCV  
  106  7:33  Bunker  
  106  7:34  SCV  
  106  7:35  Armory  
  106  7:36  SCV, Marine  
  110  7:38  Marine  
  110  7:42  Siege Tank  
  114  7:50  Marine x6  
  114  7:51  Marine  
  121  7:54  SCV, Marine  
  121  7:55  SCV x2  
  125  8:00  Medivac x2  
  125  8:05  Marine  
  130  8:08  Marine x3  
  132  8:18  Marine x4  
  132  8:20  SCV x2  
  132  8:21  Marine  
  132  8:22  Refinery x2  
  135  8:30  SCV  
  135  8:32  SCV  
  137  8:34  Marine x2, Terran Vehicle Weapons Level 1  
  137  8:35  Supply Depot, Marine x2  
  137  8:36  Combat Shields  
  137  8:37  Supply Depot  
  141  8:44  Marine  
  141  8:47  Marine x3  
  141  8:48  Marine  
  136  8:52  Marine x2  
  136  8:53  Marine x2  
  124  9:02  Marine  
  98  9:04  Siege Tank  
  98  9:05  Marine x4  
  96  9:10  Marine x2  
  96  9:11  Marine x2  
  100  9:19  Marine  
  100  9:23  Marine x4  
  99  9:28  Marine x2  
  99  9:29  Marine x2  
  100  9:36  Siege Tank  
  100  9:37  Marine  
  97  9:41  Marine x4  
  97  9:46  Marine x2  
  97  9:47  Marine x2  
  99  9:55  Marine  
  99  9:59  Marine x4  
  101  10:03  Marine, Medivac x2  
  101  10:05  Terran Infantry Weapons Level 2  
  106  10:11  Terran Infantry Armor Level 2  
  106  10:21  Marine x4, Orbital Command  
  110  10:37  Marine x2  
  110  10:38  Marine x3  
  110  10:39  Marine x4  
  114  10:54  SCV x2  
  114  10:55  Marine x4  
  114  10:56  Marine  
  118  10:57  Marine x2  
  118  11:01  Marine x2  
  122  11:13  Marine x3  
  122  11:14  Marauder  
  111  11:21  Marine x5  
  88  11:31  Marine x3  
  80  11:33  Siege Tank  
  80  11:35  Marine  
  80  11:39  Marine x5  
  89  11:41  Orbital Command  
  89  11:44  Terran Vehicle Weapons Level 2  
  89  11:49  Marine x3  
  89  11:53  Marine  
  93  11:56  Marine  
  94  12:03  Marine x4  
  98  12:12  Marine  
  98  12:13  Marine x3  
  98  12:14  Marine  
  100  12:21  Marine x2  
  77  12:30  Marine x3  
  77  12:31  Marine  
  77  12:32  Marine  
  81  12:41  Marine x2  
  83  12:49  Marine x3  
  83  12:54  Marine  
  83  12:57  Marine  
  85  13:03  Orbital Command  
  85  13:12  Marine x2  
  85  13:26  Marine x3  
  82  13:34  Marine  
  82  13:39  Marine x2  
  84  13:43  Marine x2  
  84  13:45  Marine  
  84  13:58  Marine x3  
  84  13:59  Siege Tank  
  90  14:03  Medivac  
  90  14:04  Marine  
  90  14:06  Medivac  
  90  14:07  Marine x3  
  98  14:13  Marine x2  
  98  14:16  Marine x2  
  100  14:30  Marine  
  100  14:31  Marine x3  
  104  14:40  Marine  
Tags
 
Add a new tag
Caveats
  • Supply blocks, unpowered buildings, or Contaminate may cause inaccurate times.
  • Supply counts are checked every 10 seconds.